 Dungeon Sprint DCSS version 0.21-a0-460-g737a915 (webtiles) character file.

727 Kidiri the Covert (level 7, -2/36 HPs)
             Began as a Spriggan Enchanter on Nov 20, 2017.
             Slain by a tyrant leech (10 damage)
             ... in the Dungeon (Sprint II: "The Violet Keep of Menkaure").
             The game lasted 00:04:02 (775 turns).

Kidiri the Covert (Spriggan Enchanter)               Turns: 775, Time: 00:04:04

Health: -2/36      AC:  2    Str:  4    XL:     7   Next: 44%
Magic:  14/20      EV: 26    Int: 17    God:
Gold:   729        SH:  0    Dex: 18    Spells: 11/23 levels left

rFire    . . .     SeeInvis +   a - +1 dagger
rCold    . . .     Gourm    .   (shield restricted)
rNeg     . . .     Faith    .   b - +0 robe
rPois    .         Spirit   .   (helmet restricted)
rElec    .         Reflect  .   (no cloak)
rCorr    .         Harm     .   (gloves unavailable)
MR       +....     NoTele   +   (boots unavailable)
Stlth    +++++.....             (no amulet)
HPRegen  0.12/turn              (no ring)
MPRegen  0.17/turn              (no ring)

@: very quick
A: unfitting armour, see invisible, herbivore 3, speed 3, slow metabolism 2
a: no special abilities


You were in the Dungeon.
You were not hungry.

You visited 1 branch You collected 729 gold pieces.

Inventory:

Hand Weapons
 a - a +1 dagger (weapon)
Armour
 b - a +0 robe (worn)
Scrolls
 j - a scroll of blinking
Potions
 g - a potion of haste
Books
 c - a book of Maledictions

   Spells                             Type                      Level
   a - Corona                         Hexes                        1
   b - Ensorcelled Hibernation        Hexes/Ice                    2
   c - Confuse                        Hexes                        3
   d - Tukima's Dance                 Hexes                        3
   e - Dazzling Spray                 Conjuration/Hexes            3
Comestibles
 d - a bread ration


   Skills:
 + Level 3.5 Fighting
 * Level 7.2 Short Blades
 + Level 3.1 Armour
 * Level 9.7 Dodging
 * Level 10.9 Stealth
 * Level 8.8 Spellcasting
 + Level 2.8 Conjurations
 + Level 6.5 Hexes
 + Level 2.9 Ice Magic


You had 11 spell levels left.
You knew the following spells:

 Your Spells              Type           Power        Failure   Level  Hunger
a - Corona                Hex            ####...      1%          1    None
b - Ensorcelled Hibernat  Hex/Ice        ###...       1%          2    None
c - Confuse               Hex            ####....     1%          3    None
d - Tukima's Dance        Hex            ####....     1%          3    None
e - Dazzling Spray        Conj/Hex       ###...       4%          3    None


Dungeon Overview and Level Annotations

Branches:
Dungeon (1/1)

Altars:


Innate Abilities, Weirdness & Mutations

You are very small and have problems with some larger weapons.
You are too small for most types of armour.
You have supernaturally acute eyesight. (SInv)
You are a herbivore.
You cover ground extremely quickly.
You need consume almost no food.


Message History

Aim: a tyrant leech (hasn't noticed you, chance to defeat MR: 35%)
The tyrant leech easily resists.
Casting: Ensorcelled Hibernation
Confirm with . or Enter, or press ? or * to list all spells.
Aiming: Ensorcelled Hibernation
Press: ? - help, Shift-Dir - straight line, f/p - tyrant leech
Aim: a tyrant leech (chance to defeat MR: 35%)
The tyrant leech easily resists.
The tyrant leech completely misses you.
Casting: Ensorcelled Hibernation
Confirm with . or Enter, or press ? or * to list all spells.
Aiming: Ensorcelled Hibernation
Press: ? - help, Shift-Dir - straight line, f/p - tyrant leech
Aim: a tyrant leech (chance to defeat MR: 35%)
The tyrant leech easily resists.
The tyrant leech bites you!!
Ouch! That really hurt!
* * * LOW HITPOINT WARNING * * *
The tyrant leech draws strength from your injuries!
Unknown command.
The tyrant leech bites you!
You die...

##+## ##...##
#..#).#
####...####
##.###+###w##
#...##.##...#
+##.+.<.@###+
#...##.##w.$#
##.###+# #.##
#####.#####
#..#..#
##.#.## ##+##


You could see 2 tyrant leeches.

Vanquished Creatures
  A merfolk siren (D)
  4 necrophages (D)
  4 worker ants (D)
9 creatures vanquished.

Vanquished Creatures (others)
  A crocodile (D)
1 creature vanquished.

Grand Total: 10 creatures vanquished

Notes
Turn   | Place    | Note
-------+----------+-------------------------------------------
     0 | D        | Kidiri the Spriggan Enchanter began the quest for the Orb.
     0 | D        | Reached XP level 1. HP: 9/9 MP: 5/5
     1 | D        | Noticed a merfolk siren
     4 | D        | Noticed a necrophage
     4 | D        | Noticed a necrophage
     4 | D        | Noticed a necrophage
     4 | D        | Noticed a necrophage
     7 | D        | Noticed a worker ant
     7 | D        | Noticed a worker ant
    10 | D        | Noticed a tyrant leech
    10 | D        | Noticed a tyrant leech
    15 | D        | Noticed a worker ant
    15 | D        | Noticed a worker ant
    18 | D        | Killed a worker ant
    18 | D        | Reached skill level 1 in Fighting
    18 | D        | Reached skill level 5 in Stealth
    18 | D        | Reached XP level 2. HP: 14/14 MP: 5/7
    23 | D        | Reached skill level 1 in Armour
    23 | D        | Reached skill level 5 in Dodging
    23 | D        | Reached skill level 6 in Stealth
    23 | D        | Reached XP level 3. HP: 18/18 MP: 5/9
    29 | D        | Reached XP level 4. HP: 23/23 MP: 5/11
    37 | D        | Reached skill level 7 in Stealth
    37 | D        | Reached skill level 5 in Spellcasting
    55 | D        | Learned a level 2 spell: Ensorcelled Hibernation
    59 | D        | Learned a level 3 spell: Confuse
    63 | D        | Learned a level 3 spell: Tukima's Dance
    67 | D        | Learned a level 3 spell: Dazzling Spray
    81 | D        | Killed a necrophage
    81 | D        | Reached skill level 8 in Stealth
    81 | D        | Reached skill level 1 in Conjurations
    81 | D        | Reached skill level 5 in Hexes
    81 | D        | Reached skill level 1 in Ice Magic
    81 | D        | Reached XP level 5. HP: 27/27 MP: 12/14
   113 | D        | Killed a necrophage
   113 | D        | Reached skill level 5 in Short Blades
   113 | D        | Reached skill level 9 in Stealth
   143 | D        | Killed a necrophage
   143 | D        | Reached XP level 6. HP: 23/32 MP: 4/17
   173 | D        | Reached skill level 10 in Stealth
   528 | D        | Killed a merfolk siren
   528 | D        | Reached XP level 7. HP: 8/36 MP: 13/20
   775 | D        | Slain by a tyrant leech

Vault maps used:
D:        the_violet_keep_of_menkaure

Skill      XL: |  1  2  3  4  5  6 |
---------------+-------------------+-----
Fighting       | 1 2 3 |  3.5
Short Blades   | 2 3 4 6 7 |  7.2
Dodging        | 4 5 7 8 9 |  9.7
Stealth        | 5 6 8 9 10 | 10.9
Spellcasting   | 3 4 6 7 8 |  8.8
Hexes          | 4 5 6 |  6.5
Armour         | 1 2 3 |  3.1
Conjurations   | 1 2 |  2.8
Ice Magic      | 1 2 |  2.9

Action                   |  1- 3 |  4- 6 |  7- 9 || total
-------------------------+-------+-------+-------++-------
Melee: Dagger            |    11 |    75 |       ||    86
 Cast: Dazzling Spray    |       |    11 |       ||    11
       Confuse           |       |     4 |       ||     4
       Corona            |       |     3 |       ||     3
       Ensorcelled Hiber |       |     1 |     3 ||     4
  Use: Potion            |     1 |     4 |       ||     5
 Stab: Sleeping          |     1 |     1 |       ||     2
       Invisible         |       |     1 |       ||     1
Armor: Robe              |       |     2 |       ||     2
Dodge: Dodged            |     8 |    68 |     1 ||    77

Table legend:
 A = Spawn XP
 B = Non-spawn XP
 C = Spawn XP percentage of total XP
 D = Spawn monster count
 E = Non-spawn monster count
 F = Spawn count percentage of total count
 G = Total turns spent on level
                    A         B        C        D         E        F      G
               +---------+---------+-------+---------+---------+-------+---------
         Total |       0 |    1039 |   0.0 |       0 |       9 |   0.0 |   775
               +---------+---------+-------+---------+---------+-------+---------
             D |       0 |    1039 |   0.0 |       0 |       9 |   0.0 |   775
               +---------+---------+-------+---------+---------+-------+---------
